 Dungeon Sprint DCSS version 0.20-a0-555-gf6ae02d (console) character file.

1658 sorlin the Covert (level 8, -8/52 HPs)
             Began as a Deep Elf Fire Elementalist on Feb 3, 2017.
             Was an Elder of Vehumet.
             Mangled by a merfolk
             ... wielding a +2 vampiric rapier
              (18 damage)
             ... in the Dungeon (Sprint V: "Ziggurat Sprint").
             The game lasted 00:06:45 (220 turns).

sorlin the Covert (Deep Elf Fire Elementalist)       Turns: 220, Time: 00:06:46

Health: -8/52      AC: 13    Str: 17    XL:     8   Next: 68%
Magic:  14/14      EV:  8    Int: 23    God:    Vehumet [****..]
Gold:   0          SH: 28    Dex: 15    Spells: 7/13 levels left

rFire    + + .     SeeInvis .   D - +7 Screaming Sword
rCold    x . .     Gourm    .   k - +5 fire dragon scales
rNeg     + . .     Faith    .   t - +18 shield of the Gong {rElec rN+ MR+ EV-5}
rPois    .         Spirit   .   (no helmet)
rElec    +         Reflect  .   (no cloak)
rCorr    .         Harm     .   (no gloves)
MR       +....     NoTele   +   (no boots)
Stlth    +++.......             (no amulet)
Regen    0.2/turn               q - +6 ring of strength
                                n - +6 ring of strength

@: no status effects
A: no striking features
a: Renounce Religion


You were in the Dungeon.
You worshipped Vehumet.
Vehumet was greatly pleased with you.
You were not hungry.

You visited 1 branch


   Skills:
 + Level 6.9 Fighting
 - Level 7.4 Long Blades
 + Level 10.3 Dodging
 - Level 10.3 Stealth
 + Level 5.0 Shields
 - Level 3.0 Spellcasting
 + Level 7.2 Conjurations
 + Level 7.9 Fire Magic


You had 7 spell levels left.
You knew the following spells:

 Your Spells              Type           Power        Failure   Level  Hunger
a - Flame Tongue          Conj/Fire      #####        3%          1    None
w - Fireball              Conj/Fire      #####.....   82%         5    ######.

Inventory:

Hand Weapons
 o - a +5 dagger
 p - the +6 Majin-Bo {vamp, Archmagi MP+6 Int+6}
   (You found it in the Dungeon)

   It inflicts no extra harm, but heals its wielder when it wounds a living foe.
   It affects your intelligence (+6).
   It affects your magic capacity (+6).
 D - the +7 Screaming Sword (weapon)
   (You found it in the Dungeon)
Armour
 a - a +0 robe
 j - a +5 crystal plate armour
 k - +5 fire dragon scales (worn)
 l - a +3 buckler
 m - a +3 shield
 t - the +18 shield of the Gong (worn) {rElec rN+ MR+ EV-5}
   (You found it in the Dungeon)

   It affects your evasion (-5).
   It insulates you from electricity.
   It protects you from negative energy.
   It affects your resistance to hostile enchantments.
 Q - a +2 robe of magic resistance
   (You found it in the Dungeon)
Magical Staves
 u - an uncursed staff of energy
Jewellery
 n - a +6 ring of strength (left hand)
 q - a +6 ring of strength (right hand)
 r - a +6 ring of intelligence
 s - a +6 ring of intelligence
 N - an uncursed ring of magical power
Wands
 v - a wand of disintegration (7/24)
 w - a wand of iceblast (5/15)
 x - a wand of acid (5/15)
Scrolls
 i - 4 scrolls of blinking
 y - 3 scrolls of recharging
 C - 4 scrolls of amnesia
 G - 7 scrolls of fog
 H - a scroll of holy word {!r}
 I - 5 scrolls of identify
 J - 5 scrolls of remove curse
 K - 2 scrolls of fear {!r}
Potions
 d - 10 potions of curing
 e - 8 potions of heal wounds {!q}
 f - 10 potions of haste {!q}
 g - 7 potions of magic {!q}
 h - 3 potions of berserk rage {!q}
 z - 2 potions of brilliance {!q}
 A - a potion of invisibility {!q}
 B - 4 potions of resistance {!q}
 E - 4 potions of agility {!q}
 F - 3 potions of might {!q}
Books
 b - a book of Flames

   Spells                             Type                      Level
   a - Flame Tongue                   Conjuration/Fire             1
   b - Throw Flame                    Conjuration/Fire             2
   c - Conjure Flame                  Conjuration/Fire             3
   d - Inner Flame                    Hexes/Fire                   3
   e - Sticky Flame                   Conjuration/Fire             4
   f - Fireball                       Conjuration/Fire             5
Miscellaneous
 O - a fan of gales
 P - a phial of floods
Comestibles
 c - 5 bread rations {!e}
 L - 42 fruits
 M - 4 meat rations {!e}


Message History

The merfolk are hurt by the noise.
You block the merfolk's attack.
GONNNNG!
The merfolk hits you with a +2 lajatang of pain!
You block the merfolk's attack.
GONNNNG!
You block the merfolk's attack.
GONNNNG!
You take 16 damage.
Unknown command.
Here: a merfolk, wielding a +2 lajatang of pain (lightly wounded)
The floor, spattered with blood.
Unknown command.
Your shield and fire dragon scales prevent you from hitting the merfolk.
The merfolk is heavily wounded.
The Screaming Sword shouts, "My song won't be the only thing that'll get stuck in your head!"
The merfolk are hurt by the noise.
You block the merfolk's attack.
PTOANNNG!
You block the merfolk's attack.
BOUMMMMG!
You block the merfolk's attack.
GONNNNG!
The merfolk hits you from afar with an enchanted trident!
* * * LOW HITPOINT WARNING * * *
You take 11 damage.
You hit the merfolk.
The merfolk is heavily wounded.
You feel a little less mighty now.
The merfolk hits you with a +2 vampiric rapier.
* * * LOW HITPOINT WARNING * * *
You block the merfolk's attack.
GONNNNG!
The merfolk hits you but does no damage.
The merfolk barely misses you.
You take 4 damage.
Unknown command.
You slash the merfolk!
The merfolk is severely wounded.
The Screaming Sword shouts a battle cry!
The merfolk are hurt by the noise.
The merfolk hits you with a +2 vampiric rapier.
* * * LOW HITPOINT WARNING * * *
The merfolk draws strength from your wounds!
You block the merfolk's attack.
PANG!
You block the merfolk's attack.
GONNNNG!
The merfolk hits you from afar with an enchanted trident!
* * * LOW HITPOINT WARNING * * *
The merfolk hits you with a +2 vampiric rapier!!
You die... █.....█.....█.....█ █.....█.....█.....█ █.....█.....███████ ███████████████████

█..8©8...█..8©8...█
█..[.[...█..::)...█
█........█..=.)...█
█........█........█
█........█..m.....█
█.█....█.█.█mm..█.█
█........█.@m(....█


███████████████████ You could see 4 merfolk.

Vanquished Creatures
  4 toenail golems (D)
  A slime creature (D)
  A crimson imp (D)
  A jelly (D)
  A quasit (D)
  2 shadow imps (D)
  An ufetubus (D)
  An ooze (D)
  A leopard gecko zombie (D)
13 creatures vanquished.

Notes
Turn   | Place    | Note
-------+----------+-------------------------------------------
     0 | D        | sorlin the Deep Elf Fire Elementalist began the quest for the Orb.
     0 | D        | Reached XP level 1. HP: 10/10 MP: 6/6
     4 | D        | Found a blossoming altar of Fedhas.
     6 | D        | Found a viscous altar of Jiyva.
     6 | D        | Found a hazy altar of Hepliaklqana.
     6 | D        | Found an ancient bone altar of Kikubaaqudgha.
     6 | D        | Found an opulent altar of Gozag.
     6 | D        | Found a corrupted altar of Lugonu.
    14 | D        | Found a burning altar of Makhleb.
    15 | D        | Found an iron altar of Okawaru.
    15 | D        | Found a sparkling altar of Nemelex Xobeh.
    15 | D        | Found a stormy altar of Qazlal.
    15 | D        | Found a sacrificial altar of Ru.
    15 | D        | Found a deep blue altar of Sif Muna.
    38 | D        | Found a bloodstained altar of Trog.
    53 | D        | Became a worshipper of Vehumet
    75 | D        | Reached skill level 5 in Long Blades
    75 | D        | Reached skill level 6 in Stealth
    75 | D        | Reached XP level 2. HP: 15/15 MP: 8/8
    93 | D        | Entered arena 1.
   105 | D        | Entered arena 2.
   105 | D        | Noticed a slime creature
   108 | D        | Reached * piety under Vehumet
   108 | D        | Offered knowledge of Freeze by Vehumet.
   109 | D        | HP: 2/16 [slime creature (14)]
   111 | D        | Reached skill level 1 in Fighting
   111 | D        | Reached skill level 3 in Dodging
   111 | D        | Reached XP level 3. HP: 21/21 MP: 9/9
   116 | D        | Killed a slime creature
   116 | D        | Reached skill level 4 in Fighting
   116 | D        | Reached skill level 7 in Long Blades
   116 | D        | Reached skill level 6 in Dodging
   116 | D        | Reached skill level 9 in Stealth
   116 | D        | Reached XP level 4. HP: 29/29 MP: 10/10
   116 | D        | Reached XP level 5. HP: 33/33 MP: 11/11
   130 | D        | Learned a level 5 spell: Fireball
   130 | D        | Entered arena 3.
   133 | D        | Reached ** piety under Vehumet
   136 | D        | Reached XP level 6. HP: 38/38 MP: 12/12
   138 | D        | Reached skill level 7 in Dodging
   138 | D        | Reached skill level 2 in Conjurations
   141 | D        | Reached *** piety under Vehumet
   141 | D        | Reached skill level 4 in Fire Magic
   151 | D        | Entered arena 4.
   151 | D        | Noticed a toenail golem
   151 | D        | Noticed a toenail golem
   151 | D        | Noticed a toenail golem
   151 | D        | Noticed a toenail golem
   161 | D        | Killed a toenail golem
   161 | D        | Reached skill level 5 in Fighting
   161 | D        | Reached skill level 8 in Dodging
   161 | D        | Reached skill level 10 in Stealth
   161 | D        | Reached skill level 2 in Shields
   161 | D        | Reached skill level 4 in Conjurations
   161 | D        | Reached skill level 5 in Fire Magic
   161 | D        | Reached XP level 7. HP: 23/44 MP: 13/13
   164 | D        | Killed a toenail golem
   164 | D        | Reached skill level 6 in Fighting
   164 | D        | Reached skill level 9 in Dodging
   164 | D        | Reached skill level 3 in Shields
   164 | D        | Reached skill level 5 in Conjurations
   164 | D        | Reached skill level 6 in Fire Magic
   165 | D        | HP: 11/46 [toenail golem (5)]
   168 | D        | Killed a toenail golem
   168 | D        | Reached skill level 4 in Shields
   168 | D        | Reached skill level 6 in Conjurations
   168 | D        | Reached skill level 7 in Fire Magic
   168 | D        | Reached XP level 8. HP: 44/52 MP: 14/14
   170 | D        | Killed a toenail golem
   170 | D        | Reached **** piety under Vehumet
   170 | D        | Reached skill level 10 in Dodging
   170 | D        | Reached skill level 5 in Shields
   170 | D        | Reached skill level 7 in Conjurations
   212 | D        | Entered arena 5.
   212 | D        | Noticed a merfolk
   212 | D        | Noticed a merfolk
   212 | D        | Noticed a merfolk
   212 | D        | Noticed a merfolk
   212 | D        | Noticed a merfolk
   220 | D        | HP: 10/52 [merfolk/enchanted trident (7)]
   220 | D        | Mangled by a merfolk

Vault maps used:
D:        sprint_v

Action                   |  1- 3 |  4- 6 |  7- 9 || total
-------------------------+-------+-------+-------++-------
Melee: Double sword      |    10 |    13 |    14 ||    37
  Use: Potion            |     5 |     1 |     1 ||     7
 Stab: Invisible         |     1 |       |       ||     1
Armor: Fire dragon scale |       |     5 |     4 ||     9
Dodge: Dodged            |     1 |     3 |     3 ||     7
Block: Shield            |     9 |    23 |    29 ||    61
       Rpst.: Double sword |       |       |     1 ||     1
